[Event "Live Chess"]
[Site "Chess.com"]
[Date "2024.06.02"]
[Round "-"]
[White "Duke_of_Bebington"]
[Black "Andriy_Yaremovych"]
[Result "0-1"]
[WhiteElo "1630"]
[BlackElo "1601"]
[TimeControl "300"]
[EndTime "4:08:45 PDT"]
[Termination "Andriy_Yaremovych won by resignation"]

1. e4 b6 2. d4 Bb7 3. Bd3 Nf6 4. Nc3 e6 5. Nge2 Bb4 6. a3 Bxc3+ 7. Nxc3 Qe7 8. Bg5 h6 9. Bh4 g5 10. Bg3 d6 11. Qe2 Nbd7 12. O-O-O O-O-O 13. Ba6 e5 14. Bxb7+ Kxb7 15. dxe5 Nxe5 16. Rhe1 h5 17. f3 h4 18. Bf2 Nfd7 19. h3 f6 20. Nd5 Qf7 21. Bd4 c6 22.
Bxe5 dxe5 23. Ne3 Nc5 24. Nf5 Rxd1+ 25. Rxd1 Qa2 26. Rd6 Rf8 27. Kd2 Qxb2 28. Ne3 Qxa3 29. Qc4 Nxe4+ 30. fxe4 Qxd6+ 31. Ke2 Rd8 32. Qd3 Qe7 0-1

[Event "Live Chess"]
[Site "Chess.com"]
[Date "2024.06.02"]
[Round "-"]
[White "elis06"]
[Black "Queensandpawns"]
[Result "0-1"]
[WhiteElo "2322"]
[BlackElo "2250"]
[TimeControl "300"]
[EndTime "4:08:56 PDT"]
[Termination "Queensandpawns won by checkmate"]

1. d4 e5 2. dxe5 Nc6 3. Nf3 Qe7 4. Bf4 Qb4+ 5. Bd2 Qxb2 6. Nc3 Nb4 7. Nd4 Na6 8. Rb1 Qa3 9. Ncb5 Qc5 10. e3 Qxe5 11.
Bd3 c6 12. Nc3 d5 13. O-O Nc5 14. Nf3 Qc7 15. e4 dxe4 16. Nxe4 Be6 17. Nxc5 Bxc5 18. Re1 O-O-O 19. Qe2 Nf6 20. Be3 Bxe3 21. Qxe3 Kb8 22.
Ba6 b6 23. Bd3 Nd5 24. Qd2 Nf4 25. Ne5 Nxd3 26. cxd3 Rd5 27. Qc3 Kb7 28. Nc4 Rhd8 29. Qxg7 Rxd3 30. Ne3 Rd2 31. a4 Qf4 32. Qg3 Qxg3 33.
hxg3 Ra2 34. Rb4 Rdd2 35. Rf4 Ra3 36. Nc4 Bxc4 37. Rxc4 Rd7 38. Rh4 c5 39. Rc1 Rc7 40. Rxh7 Rxa4 41. f3 c4 42. Rh4 b5 43. Rd4 Ra2 44.
g4 Kb6 45. Rcd1 a5 46. Rd6+ Rc6 47. Rd8 c3 48. Rc1 b4 49. Rd7 b3 50. Rb1 b2 51.
Rxf7 c2 52. Rxb2+ Rxb2 53. g5 c1=Q+ 54. Kh2 Qxg5 55. Rh7 Qxg2# 0-1

[Event "Live Chess"]
[Site "Chess.com"]
[Date "2024.06.02"]
[Round "-"]
[White "Silverback7829"]
[Black "MagnersCarlsberg2870"]
[Result "0-1"]
[WhiteElo "880"]
[BlackElo "1781"]
[TimeControl "300"]
[EndTime "4:08:57 PDT"]
[Termination "MagnersCarlsberg2870 won by checkmate"]

1. d4 Nf6 2. Nf3 b6 3. Nc3 Bb7 4. Bf4 d6 5. e3 g6 6. Bc4 Bg7 7. Qd2 O-O 8. O-O Nbd7 9. Bb5 a6 10. Bxd7 Qxd7 11. e4 Nh5 12. Bg5 f6 13. Bh4 e5 14.
dxe5 fxe5 15. Ng5 h6 16. Nf3 Bf6 17. Rae1 Bxh4 18. Nxh4 Kg7 19. b3 Qg4 20. Qe2 Qxh4 21. Qc4 Rf7 22. Ne2 Qg4 23. h3 Qg5 24. Rd1 Nf4 25.
Nxf4 Rxf4 26. Qe6 Bxe4 27. c4 Qxg2# 0-1

[Event "Live Chess"]
[Site "Chess.com"]
[Date "2024.06.02"]
[Round "-"]
[White "Ksenia_2013"]
[Black "ClassyChameleon"]
[Result "0-1"]
[WhiteElo "977"]
[BlackElo "1530"]
[TimeControl "300"]
[EndTime "4:09:10 PDT"]
[Termination "ClassyChameleon won by checkmate"]

1. e4 e5 2. Nf3 Nc6 3. Bc4 Nf6 4. Ng5 Nxe4 5. Qf3 Nxg5 6. Qf5 Ne6 7. O-O Ncd4 8. Qxe5 Nxc2 9. b3 Nxa1 10. Qxa1 d5 11. Bb5+ c6 12. Bd3 Bc5 13. Bf5 O-O 14. Bxe6 Bxe6 15.
Bb2 f6 16. Nc3 Qd6 17. Ne2 Bg4 18. Re1 Bxe2 19. Rxe2 Qf4 20. Qf1 Rae8 21. Rxe8 Rxe8 22. Kh1 Qxd2 23. Bc1 Re1 24. Kg1 Rxf1+ 25. Kxf1 Qd1# 0-1

[Event "Live Chess"]
[Site "Chess.com"]
[Date "2024.06.02"]
[Round "-"]
[White "KeithArkell"]
[Black "RichardABates"]
[Result "1-0"]
[WhiteElo "2422"]
[BlackElo "2327"]
[TimeControl "300"]
[EndTime "4:09:34 PDT"]
[Termination "KeithArkell won by resignation"]

1. d4 Nf6 2. Nf3 e6 3. c4 Bb4+ 4. Bd2 a5 5. g3 d6 6. Bg2 Nbd7 7. O-O O-O 8. Bg5 a4 9. Qc2 h6 10. Bxf6 Qxf6 11. a3 Ba5 12. Qxa4 d5 13. c5 Ra6 14. Qc2 b6 15. c6 Nb8 16. Nc3 Nxc6 17. b4 Nxd4 18.
Nxd4 Qxd4 19. bxa5 Rxa5 20. e3 Qe5 21. Rfc1 c5 22. Qb3 Qd6 23. Nb5 Qb8 24. a4 Bd7 25. Rab1 Bxb5 26. axb5 Qa7 27. Qb2 Ra8 28. e4 d4 29. e5 Rd8 30. Ra1 d3 31. Rxa5 Qxa5 32. Ra1 d2 33. Bf3 Qb4 34. Qxb4 cxb4 35. Rb1 b3 36.
Kg2 Rc8 37. Rxb3 1-0

[Event "Live Chess"]
[Site "Chess.com"]
[Date "2024.06.02"]
[Round "-"]
[White "Dhaydon19"]
[Black "Mikhail_Golubev"]
[Result "1-0"]
[WhiteElo "2643"]
[BlackElo "2510"]
[TimeControl "300"]
[EndTime "4:10:02 PDT"]
[Termination "Dhaydon19 won on time"]

1. c4 g6 2. Nc3 Bg7 3. g3 e5 4.
Bg2 Nc6 5. e3 d6 6. Nge2 Nf6 7. d3 O-O 8. h3 Be6 9. Nd5 Ne8 10. b4 Qd7 11. b5 Nd8 12. Rb1 c6 13. Ndc3 d5 14. bxc6 bxc6 15. cxd5 cxd5 16. Ba3 Nd6 17.
Nxd5 Re8 18. O-O Rc8 19. Nec3 N8b7 20. Bxd6 Nxd6 21. e4 Bxh3 22. Bxh3 Qxh3 23. Qf3 f5 24. Rfc1 f4 25. Qg2 Qd7 26. gxf4 exf4 27. Ne2 Rxc1+ 28.
Rxc1 Qa4 29. Nexf4 Qxa2 30. Qg5 Qb2 31. Rc7 Bd4 32. Qh4 Nf7 33. Qg3 Be5 34. Rxa7 g5 35. Qg4 Bxf4 36. Nxf4 Qc1+ 37. Kg2 Qxf4 38. Qxf4 gxf4 39.
d4 Rxe4 40. d5 Rd4 41. Ra5 Ng5 42. d6 h6 43. Ra8+ Kf7 44. Ra7+ Kg6 45. d7 Kf5 46. Ra5+ Kg4 47. Ra8 h5 48. d8=Q Rxd8 49. Rxd8 h4 50. Rg8 h3+ 51. Kh2 Kh4 52. Rh8+ Kg4 53. Kg1 1-0

[Event "Live Chess"]
[Site "Chess.com"]
[Date "2024.06.02"]
[Round "-"]
[White "Grace6363"]
[Black "WeakOldFinished"]
[Result "0-1"]
[WhiteElo "1144"]
[BlackElo "2178"]
[TimeControl "300"]
[EndTime "4:10:06 PDT"]
[Termination "WeakOldFinished won by resignation"]

1. d4 Nf6 2. c4 e5 3. dxe5 Ng4 4. Bf4 Nc6 5. Nf3 Bb4+ 6. Nbd2 Qe7 7. e3 Ngxe5 8.
Nxe5 Nxe5 9. Be2 O-O 10. O-O Bxd2 11. Qxd2 d6 12. Rfd1 b6 13. b4 a5 14. Bxe5 Qxe5 15.
f4 Qe7 16. Bf3 Ra7 17. bxa5 Rxa5 18. Qd4 Rc5 19. Rab1 Bd7 20. Rd2 Re8 21. Re1 Qf6 22. Qxf6 gxf6 23. Rd4 Be6 24. Rc1 f5 25. Kf2 b5 26.
Bd5 b4 27. Bxe6 fxe6 28. Rb1 Rb8 29. e4 Ra5 30. Rb2 Kf7 31. exf5 Rxf5 32. g4 Ra5 33. c5 Rxc5 34. Rdxb4 Rxb4 35. Rxb4 Rc2+ 36. Kg3 Rxa2 37. Rb7 Rc2 38. h4 Rc3+ 39. Kg2 d5 40.
g5 Kg6 41. Rb8 Kh5 42. Re8 Re3 43. f5 Kxh4 44. Rxe6 Rg3+ 45. Kf2 Rxg5 46. f6 Rf5+ 47. Ke3 c5 48. Rd6 Kg4 49. f7 d4+ 50. Ke4 Rxf7 51.
Rc6 Rd7 52. Rxc5 d3 53. Rc1 d2 54. Rd1 h5 55. Ke3 h4 56. Kf2 Kf4 57. Kg2 Ke3 58. Kh3 Ke2 59. Rh1 d1=Q 60. Rh2+ Kf3 61. Kxh4 Rh7+ 0-1

[Event "Live Chess"]
[Site "Chess.com"]
[Date "2024.06.02"]
[Round "-"]
[White "wadsy27"]
[Black "defenderalist"]
[Result "1-0"]
[WhiteElo "2594"]
[BlackElo "1525"]
[TimeControl "300"]
[EndTime "4:10:11 PDT"]
[Termination "wadsy27 won by resignation"]

1. c4 e5 2. g3 Nf6 3. Bg2 d6 4.
Nc3 Nc6 5. Nf3 Be6 6. b3 Qd7 7. d4 exd4 8. Nxd4 Bh3 9. O-O Bxg2 10. Kxg2 Be7 11. Bb2 h5 12. h4 Ng4 13. Nxc6 Qxc6+ 14. Qd5 Qd7 15. Qxb7 O-O 16. Nd5 1-0

[Event "Live Chess"]
[Site "Chess.com"]
[Date "2024.06.02"]
[Round "-"]
[White "PureDashingOctopus"]
[Black "StoreySniper"]
[Result "0-1"]
[WhiteElo "2267"]
[BlackElo "2497"]
[TimeControl "300"]
[EndTime "4:10:27 PDT"]
[Termination "StoreySniper won by checkmate"]

1. e4 g6 2. d4 Bg7 3. Nc3 c5 4. dxc5 Bxc3+ 5. bxc3 Nf6 6. e5 Ne4 7. Qd4 Qa5 8. Ne2 Nxc5 9. e6 f6 10. exd7+ Bxd7 11. Qb4 Qc7 12. Bf4 e5 13. Be3 Nba6 14. Qh4 O-O 15. g3 Bc6 16. Bxc5 Bxh1 17. Bxf8 Rxf8 18.
O-O-O Bf3 19. Bh3 f5 20. Rd2 Rc8 21. Qf6 Bxe2 22. Qe6+ Kh8 23. Rxe2 Qxc3 24. Qf6+ Kg8 25. Rxe5 Qxc2# 0-1

[Event "Live Chess"]
[Site "Chess.com"]
[Date "2024.06.02"]
[Round "-"]
[White "upoe610"]
[Black "asingardenof"]
[Result "1-0"]
[WhiteElo "2123"]
[BlackElo "621"]
[TimeControl "300"]
[EndTime "4:10:39 PDT"]
[Termination "upoe610 won by checkmate"]

1. e4 c6 2. Nc3 d5 3. Nf3 Nf6 4.
e5 Nfd7 5. e6 fxe6 6. Ng5 Qc7 7.
Nxe6 Qd6 8. Qe2 Nc5 9. Nxc5 Qxc5 10. g3 Nd7 11. Bg2 b6 12. O-O Nf6 13. d3 Bf5 14. Bf4 g6 15. Be5 Nh5 16. Bxh8 Kf7 17. d4 Bg7 18.
dxc5 Rxh8 19. Rfe1 Re8 20. g4 Nf4 21. Qf3 Bxc2 22.
Qxf4+ Bf6 23. g5 e5 24. Qxf6+ Kg8 25. Nxd5 Rf8 26. Ne7# 1-0

[Event "Live Chess"]
[Site "Chess.com"]
[Date "2024.06.02"]
[Round "-"]
[White "stevochess11"]
[Black "JanMur7"]
[Result "0-1"]
[WhiteElo "1708"]
[BlackElo "2292"]
[TimeControl "300"]
[EndTime "4:11:05 PDT"]
[Termination "JanMur7 won by resignation"]

1. d4 Nf6 2. Nf3 e6 3. e3 d5 4.
Bd3 b6 5. Nbd2 Bb7 6. b3 Nbd7 7.
O-O Be7 8. Bb2 O-O 9. Ne5 Nxe5 10. dxe5 Ne4 11. f4 Bc5 12. Rf3 Nxd2 13. Bxh7+ Kxh7 14. Rh3+ Kg8 15. Qh5 f5 16. Qh7+ Kf7 17. Rg3 Rg8 18. Qg6+ Ke7 19. Rd1 Ne4 20. Rh3 Qe8 21. Qh7 Qf7 22.
c4 Bxe3+ 23. Rxe3 Rh8 0-1

[Event "Live Chess"]
[Site "Chess.com"]
[Date "2024.06.02"]
[Round "-"]
[White "juniortay"]
[Black "JohanKjeldahl"]
[Result "1-0"]
[WhiteElo "2363"]
[BlackElo "1795"]
[TimeControl "300"]
[EndTime "4:11:18 PDT"]
[Termination "juniortay won by resignation"]

1. e4 Nc6 2. Nf3 e5 3. d4 exd4 4. Nxd4 Nf6 5. Nxc6 bxc6 6. Bd3 Bd6 7. O-O O-O 8. Bg5 h6 9. Bh4 Be7 10. Nc3 Rb8 11. b3 d5 12. exd5 cxd5 13. h3 c6 14. Qf3 Be6 15. Ne2 Rb4 16. Bg3 Ne4 17. c3 Nd2 18.
Qh5 Nxf1 19. cxb4 Nxg3 20. Nxg3 Bg5 21. Re1 Qf6 22. Re2 Rb8 23. a3 Qa1+ 24. Kh2 Qc3 25. Bc2 d4 26. Ne4 Qa1 27. Nxg5 hxg5 28. Qh7+ Kf8 29.
Qh8+ 1-0

[Event "Live Chess"]
[Site "Chess.com"]
[Date "2024.06.02"]
[Round "-"]
[White "MagnersCarlsberg2870"]
[Black "Hoogleboogle"]
[Result "1-0"]
[WhiteElo "1782"]
[BlackElo "1339"]
[TimeControl "300"]
[EndTime "4:11:46 PDT"]
[Termination "MagnersCarlsberg2870 won by checkmate"]

1. d4 Nf6 2. Nf3 e6 3. e3 d5 4. Bd3 c5 5. c3 c4 6. Bc2 Nc6 7. Nbd2 Bd6 8. Qe2 Bd7 9. O-O O-O 10. e4 dxe4 11. Nxe4 b5 12. Nxf6+ Qxf6 13. Bg5 Qxg5 14.
Nxg5 b4 15. Bxh7+ Kh8 16. Qh5 g6 17. Bxg6+ Kg7 18. Qh7+ Kf6 19. Ne4+ Ke7 20. Qh4+ Ke8 21. Nxd6# 1-0

[Event "Live Chess"]
[Site "Chess.com"]
[Date "2024.06.02"]
[Round "-"]
[White "MaksymYurii"]
[Black "NeilDruggan73"]
[Result "0-1"]
[WhiteElo "999"]
[BlackElo "1691"]
[TimeControl "300"]
[EndTime "4:11:51 PDT"]
[Termination "NeilDruggan73 won by checkmate"]

1. e4 d6 2. Nf3 Nf6 3. Bc4 g6 4. b3 Bg7 5. Nc3 O-O 6. Bb2 c6 7. Ng5 b5 8. Bxf7+ Rxf7 9. Nxf7 Kxf7 10. O-O Qb6 11. Re1 Bg4 12. Qc1 Nbd7 13. h3 Be6 14. e5 Nxe5 15. Ne4 Nxe4 16. Rxe4 Bd5 17. Rf4+ Ke6 18. d4 g5 19. dxe5 gxf4 20. Qxf4 Bxe5 21.
Qh6+ Kd7 22. Bxe5 dxe5 23. Re1 Rg8 24. g3 Rxg3+ 25. Kf1 Rf3 26. Re2 Qd4 27. Qxh7 Qd1+ 28. Re1 Qd4 29. Re2 Be6 30. Ke1 Rxh3 31. Qxh3 Bxh3 32.
Rd2 Qxd2+ 33. Kxd2 Kd6 34. Ke3 Kd5 35. c3 Bg2 36. a3 a5 37. f3 e6 38. Kf2 Bh3 39. Kg3 Bf5 40. Kf2 b4 41. cxb4 axb4 42. a4 Kd4 43.
Ke2 Kc3 44. Ke3 Bd3 45. f4 exf4+ 46. Kxf4 Kxb3 47. Ke3 Kc3 48. Kf4 b3 49. Ke5 b2 50.
Kxe6 b1=Q 51. Kd6 Be4 52. Kc5 Qb4# 0-1

[Event "Live Chess"]
[Site "Chess.com"]
[Date "2024.06.02"]
[Round "-"]
[White "Dhaydon19"]
[Black "WeakOldFinished"]
[Result "1-0"]
[WhiteElo "2644"]
[BlackElo "2176"]
[TimeControl "300"]
[EndTime "4:12:06 PDT"]
[Termination "Dhaydon19 won - game abandoned"]

1. d3 Nf6 2. Nf3 g6 3. g3 Bg7 4. Bg2 O-O 5. O-O d5 6. c3 c5 7. Nbd2 Nc6 8. Qc2 h6 9. e4 Be6 10. Re1 Qd7 11. exd5 Nxd5 12. Nc4 Rad8 13. Nce5 Nxe5 14.
Nxe5 Qc7 15. Nxg6 fxg6 16. Rxe6 1-0

[Event "Live Chess"]
[Site "Chess.com"]
[Date "2024.06.02"]
[Round "-"]
[White "Andriy_Yaremovych"]
[Black "elis06"]
[Result "0-1"]
[WhiteElo "1601"]
[BlackElo "2323"]
[TimeControl "300"]
[EndTime "4:12:26 PDT"]
[Termination "elis06 won by resignation"]

1. e4 c6 2. Nc3 d5 3. exd5 cxd5 4. d4 Nf6 5. f4 Nc6 6. Nf3 Bg4 7. Bb5 e6 8. Bxc6+ bxc6 9. O-O Bd6 10. Qd3 O-O 11. Ne5 c5 12. dxc5 Bxc5+ 13. Kh1 Bf5 14. Qg3 Bxc2 15. h3 Bg6 16. Nxg6 hxg6 17. Ne2 Nh5 18. Qg4 Rc8 19. Ng3 Nxg3+ 20. Qxg3 Bb6 21. a3 Qf6 22. Rb1 Rc2 23. b4 Rfc8 24. Be3 R2c3 25. Rf3 d4 26. Bg1 Rxf3 27. Qxf3 Qf5 28. Rd1 Qc2 29.
Rxd4 Bxd4 30. Bxd4 Qc1+ 31. Kh2 Qc6 32. Qe3 a6 33. Bc5 Qd5 34. h4 a5 35. g4 axb4 36. axb4 Ra8 37. Kg3 Ra2 38. f5 gxf5 39. gxf5 Qxf5 0-1

[Event "Live Chess"]
[Site "Chess.com"]
[Date "2024.06.02"]
[Round "-"]
[White "elephantgerrald"]
[Black "Ninifu"]
[Result "0-1"]
[WhiteElo "856"]
[BlackElo "2007"]
[TimeControl "300"]
[EndTime "4:12:28 PDT"]
[Termination "Ninifu won by checkmate"]

1. e4 d5 2. f3 e5 3. Nc3 Nf6 4.
exd5 Nxd5 5. Bc4 Be6 6. d3 Nc6 7. Qe2 Bc5 8. Nh3 Nxc3 9. bxc3 Bxc4 10. dxc4 O-O 11. Qe4 Qd6 12. Ng5 g6 13. Be3 Rad8 14. O-O f5 15. Qh4 Bxe3+ 16. Rf2 Bxf2+ 17. Kxf2 Rd7 18. Re1 Qd2+ 19. Re2 Qf4 20. Qxf4 exf4 21. Ne6 Re8 22. Nxf4 Rxe2+ 23. Nxe2 Rd2 24. Ke3 Rxc2 25. Kd3 Rxa2 26. Nf4 Ne5+ 27. Kd4 Nf7 28. Ne6 Rxg2 29. Nxc7 a5 30. Nb5 a4 31. c5 Rb2 32. c4 Rb3 33. c6 bxc6 34. Nc3 a3 35. Kd3 a2 36.
Kc2 Rxc3+ 37. Kb2 Ra3 38. Kxa3 a1=Q+ 39. Kb3 Ne5 40. Kb4 Nd3+ 41. Kb3 Qb2+ 42. Ka4 Qb4# 0-1

[Event "Live Chess"]
[Site "Chess.com"]
[Date "2024.06.02"]
[Round "-"]
[White "FlyingChessKestrel13"]
[Black "Pablo_dmp"]
[Result "1-0"]
[WhiteElo "2078"]
[BlackElo "1999"]
[TimeControl "300"]
[EndTime "4:12:32 PDT"]
[Termination "FlyingChessKestrel13 won on time"]

1. Nf3 c5 2. d3 Nf6 3. g3 d5 4. Bg2 Nc6 5. O-O e5 6. Bg5 Bd6 7. e4 d4 8. Nbd2 h6 9. Bxf6 gxf6 10. Nc4 Bc7 11. a4 Be6 12. b3 Qd7 13. a5 h5 14. a6 b5 15. Na3 Ne7 16. Nh4 Rg8 17. f4 exf4 18. gxf4 Bh3 19. Qf3 Bg4 20. Qf2 f5 21. exf5 Nd5 22. Nxb5 Bxf4 23. Rae1+ Kd8 24. Kh1 Be3 25. Qg3 Rc8 26. Qd6 Nf4 27. Rxf4 Bxf4 28. Qf6+ 1-0

[Event "Live Chess"]
[Site "Chess.com"]
[Date "2024.06.02"]
[Round "-"]
[White "f4nomore"]
[Black "Crowded_House"]
[Result "1/2-1/2"]
[WhiteElo "1274"]
[BlackElo "1663"]
[TimeControl "300"]
[EndTime "4:12:36 PDT"]
[Termination "Game drawn by repetition"]

1. c4 e6 2. Nc3 d5 3. cxd5 exd5 4.
d4 c6 5. e3 Bd6 6. Nf3 Ne7 7.
Be2 Bg4 8. O-O O-O 9. Ne5 Bxe2 10. Qxe2 Bxe5 11. dxe5 d4 12. exd4 Qxd4 13. Rd1 Qb6 14. Be3 Qc7 15. f4 Nf5 16. Bf2 Nd7 17.
Qd3 Nxe5 18. Qxf5 Nc4 19. b3 Nb6 20. Bg3 Rfe8 21. Qg4 Qc8 22. f5 Nd7 23. Qf3 Nf6 24.
h3 Re7 25. Re1 Qe8 26. Rxe7 Qxe7 27. Re1 Qd7 28. Na4 Qd4+ 29. Bf2 Qd7 30. Nc5 Qc7 31. Bg3 Qb6 32. Bf2 Qc7 33. Bg3 Qb6 34. Bf2 Qc7 1/2-1/2

[Event "Live Chess"]
[Site "Chess.com"]
[Date "2024.06.02"]
[Round "-"]
[White "r0ad_t0-gm"]
[Black "Victor_Bondar"]
[Result "1-0"]
[WhiteElo "2274"]
[BlackElo "1460"]
[TimeControl "300"]
[EndTime "4:12:48 PDT"]
[Termination "r0ad_t0-gm won on time"]

1. Nf3 Nf6 2. g3 d5 3. Bg2 e6 4. O-O c5 5. d3 Nc6 6. Nbd2 a6 7. e4 Be7 8. Re1 O-O 9. h4 h6 10. e5 Nd7 11. Nf1 f5 12. exf6 Nxf6 13. Ne3 Bd7 14. Bh3 e5 15. Nf5 Nh7 16. Nxe7+ Qxe7 17. Bxd7 Qxd7 18.
Nxe5 Nxe5 19. Rxe5 Rae8 20. Rxe8 Qxe8 21. Be3 d4 22.
Bd2 Qf7 23. Qe2 Nf6 24. Re1 Re8 25. Qf1 Ng4 26. Rxe8+ Qxe8 27. Qe1 Qxe1+ 28. Bxe1 Kf7 29. Kg2 Ne5 30. f4 Ng4 31. Bd2 b5 32. Kf3 h5 33.
Ke4 Ke6 34. f5+ Kd6 35. Bf4+ Ke7 36. Kd5 Ne3+ 37. Kxc5 Nxc2 38. Be5 Kf7 39. Bxd4 g6 40.
fxg6+ Kxg6 41. Be5 Kf5 42. Bf4 Ke6 43. d4 Kd7 44. d5 Ne1 45. Kb6 Nd3 46. Kxa6 b4 47. Kb5 Nxb2 48. Kxb4 Nd3+ 49. Kc4 Nxf4 50. gxf4 Kd6 51. Kd4 Kd7 52. Ke5 Kd8 53. f5 Kd7 54. f6 1-0

[Event "Live Chess"]
[Site "Chess.com"]
[Date "2024.06.02"]
[Round "-"]
[White "slava_ukr"]
[Black "RamsayFlayer"]
[Result "1-0"]
[WhiteElo "2406"]
[BlackElo "1923"]
[TimeControl "300"]
[EndTime "4:12:55 PDT"]
[Termination "slava_ukr won by resignation"]

1. e4 e5 2. Nf3 Nc6 3. Bb5 a6 4.
Bxc6 dxc6 5. O-O f6 6. d4 exd4 7. Nxd4 Bd6 8. Nc3 Ne7 9. Be3 O-O 10. f4 Ng6 11. Qf3 c5 12. Nde2 b6 13. e5 fxe5 14. Qxa8 exf4 15. Bf2 Ne5 16. Kh1 f3 17. gxf3 Nxf3 18.
Bg3 Nxh2 19. Rxf8+ Qxf8 20. Kxh2 Qf2+ 21. Qg2 1-0

[Event "Live Chess"]
[Site "Chess.com"]
[Date "2024.06.02"]
[Round "-"]
[White "Tatarinov_Maxim"]
[Black "ProfPoisson"]
[Result "1-0"]
[WhiteElo "2307"]
[BlackElo "1317"]
[TimeControl "300"]
[EndTime "4:13:13 PDT"]
[Termination "Tatarinov_Maxim won by checkmate"]

1. d4 e6 2. c4 f5 3. Nc3 Nf6 4. g3 Bb4 5. Bg2 Bxc3+ 6. bxc3 O-O 7.
Nf3 d6 8. O-O a5 9. Nd2 Nbd7 10.
e4 Nb6 11. c5 Nbd7 12. cxd6 cxd6 13. Ba3 Qe7 14. e5 Ne4 15. Nxe4 fxe4 16. Bxd6 Qg5 17.
Bxf8 Nxf8 18. Bxe4 Rb8 19. Qd3 b5 20. Rab1 Bb7 21.
Qxb5 Bxe4 22. Qxb8 Qh5 23. Rbe1 Bf3 24. Re3 Qg4 25.
Qd8 h5 26. Qh4 Qxh4 27. gxh4 Bg4 28. f3 Bf5 29. Rf2 Ng6 30. Rb2 Nxh4 31. Kf2 Ng6 32. Rb8+ Kh7 33. Ra8 Nf4 34. Rxa5 Nh3+ 35. Kg3 Ng1 36. Re1 Nh3 37. Ra7 Kh6 38. Rf7 g5 39. Rxf5 exf5 40. Kxh3 g4+ 41. Kg3 Kg5 42. f4+ Kh6 43.
d5 h4+ 44. Kxh4 g3 45. Kxg3 Kh5 46. e6 Kg6 47. e7 Kh7 48. e8=Q Kh6 49. Re6+ Kg7 50.
Qg6+ Kf8 51. Re8# 1-0

[Event "Live Chess"]
[Site "Chess.com"]
[Date "2024.06.02"]
[Round "-"]
[White "halfberg"]
[Black "ACM42"]
[Result "1/2-1/2"]
[WhiteElo "1909"]
[BlackElo "2171"]
[TimeControl "300"]
[EndTime "4:13:22 PDT"]
[Termination "Game drawn - insufficient material"]

1. e4 e6 2. d4 d5 3. Nc3 Bb4 4. Qg4 Nf6 5. Qxg7 Rg8 6. Qh6 Rg6 7.
Qe3 Nxe4 8. Ne2 c5 9. a3 cxd4 10. Qxd4 Bxc3+ 11. Nxc3 Nc6 12. Qh8+ Ke7 13. Qxd8+ Kxd8 14.
Nxe4 dxe4 15. Be3 Kc7 16. O-O-O e5 17. g3 Bg4 18. Rd2 Bf3 19. Rg1 f5 20. Be2 f4 21.
Bc5 b6 22. Bxf3 exf3 23. Bb4 Nd4 24. Re1 Ne2+ 25. Rexe2 fxe2 26. Rxe2 fxg3 27. hxg3 Re8 28. Kd2 e4 29. Ke3 Rf6 30. Rd2 Rd8 31. Rxd8 Kxd8 32. Be1 Re6 33. Bd2 Kd7 34. Ke2 Kd6 35. Be3 Kd5 36. Kd2 a6 37. a4 b5 38. axb5 axb5 39.
Kc3 Rc6+ 40. Kb3 Rc4 41. c3 Ke5 42. Kc2 Kf5 43. b3 Rc6 44. Kd2 Kg4 45. Bd4 Kf3 46. Kc2 h5 47. Kb2 Ke2 48. Kc2 Rf6 49. c4 Rxf2 50.
Bxf2 Kxf2 51. cxb5 e3 52. b6 e2 53. b7 e1=Q 54.
b8=Q Qe2+ 55. Kc3 Qe3+ 56. Kb2 Qxg3 57. Qf8+ Qf3 58. Qc5+ Kg2 59. b4 h4 60. Qg5+ Qg3 61.
Qd5+ Kg1 62. Qd4+ Qf2+ 63. Qxf2+ Kxf2 64. b5 h3 65. b6 h2 66. b7 h1=Q 67. b8=Q Qf3 68.
Qb6+ Qe3 69. Qxe3+ Kxe3 1/2-1/2

[Event "Live Chess"]
[Site "Chess.com"]
[Date "2024.06.02"]
[Round "-"]
[White "Queensandpawns"]
[Black "ClassyChameleon"]
[Result "1-0"]
[WhiteElo "2250"]
[BlackElo "1530"]
[TimeControl "300"]
[EndTime "4:13:37 PDT"]
[Termination "Queensandpawns won by checkmate"]

1. e4 e5 2. d4 Nc6 3. c3 exd4 4. Nf3 dxc3 5. Bc4 Nf6 6. e5 Qe7 7. O-O Nxe5 8. Nxe5 d5 9. Bd3 Ne4 10. Nf3 Bg4 11. Nxc3 Bxf3 12. Qxf3 O-O-O 13. Nxe4 dxe4 14. Bxe4 Qb4 15. a3 Qb5 16. Be3 Bc5 17. Bxc5 Qxc5 18. Bxb7+ Kb8 19. Ba6 Qb6 20. Be2 f6 21. b4 Rd2 22. Rfd1 Rhd8 23. Rxd2 Rxd2 24. Rd1 Rb2 25. Rd8# 1-0

[Event "Live Chess"]
[Site "Chess.com"]
[Date "2024.06.02"]
[Round "-"]
[White "booktrunk"]
[Black "lateforthesky"]
[Result "0-1"]
[WhiteElo "1493"]
[BlackElo "2076"]
[TimeControl "300"]
[EndTime "4:13:38 PDT"]
[Termination "lateforthesky won by resignation"]

1. d4 Nf6 2. Nc3 d5 3. Bf4 g6 4. a3 Bg7 5. Nf3 O-O 6. h3 b6 7. e3 Bb7 8. Be2 c5 9. dxc5 bxc5 10. O-O Nc6 11. b3 Nh5 12. Bh2 Bxc3 13. Rb1 Bg7 14. b4 cxb4 15. axb4 Nf6 16. b5 Nb8 17. Nd4 Nbd7 18. Rc1 Qb6 19. c4 e5 20. Nf3 Rfe8 21. c5 Nxc5 22. Nxe5 Nfe4 23. f3 Bxe5 24. fxe4 Bxh2+ 25. Kxh2 Nxe4 26. Qb3 Qd6+ 27. Kg1 Ng3 28. Rf2 Nxe2+ 29.
Rxe2 d4 30. Rf1 Bd5 31. Qd3 dxe3 32. Rxe3 Qc5 33. Re1 Rxe3 34. Rxe3 Re8 35. Kf2 Bc4 36. Qd2 Qxe3+ 37. Qxe3 Rxe3 38. Kxe3 Bxb5 0-1

[Event "Live Chess"]
[Site "Chess.com"]
[Date "2024.06.02"]
[Round "-"]
[White "Ksenia_2013"]
[Black "friarnator"]
[Result "0-1"]
[WhiteElo "977"]
[BlackElo "2172"]
[TimeControl "300"]
[EndTime "4:13:39 PDT"]
[Termination "friarnator won by checkmate"]

1. e4 Nf6 2. Nc3 d5 3. e5 d4 4. exf6 dxc3 5. fxg7 cxd2+ 6. Bxd2 Bxg7 7. Bc4 O-O 8. Bd3 e5 9. Qh5 e4 10. Bxe4 f5 11. Bd3 Qe8+ 12. Qxe8 Rxe8+ 13. Be3 f4 14. Ne2 fxe3 15. fxe3 Rxe3 16. Bc4+ Kh8 17. Rf1 Bg4 18. O-O-O Nc6 19. Nd4 Bxd1 20. Rxd1 Nxd4 21. Bd5 c6 22.
Bf7 Rf8 23. Rxd4 Rxf7 24. Rd8+ Rf8 25. Rxf8+ Bxf8 26. Kd2 Bh6 27. c4 Kg7 28. b4 Kf6 29.
a4 Ke5 30. b5 Kd4 31. bxc6 bxc6 32. a5 Kxc4 33. a6 Kd4 34. Kc2 c5 35. Kb2 Rc3 36.
Ka2 Kc4 37. Kb2 Kb4 38. Ka2 Rb3 39. Ka1 Kc3 40. Ka2 Kc2 41. Ka1 Ra3# 0-1

[Event "Live Chess"]
[Site "Chess.com"]
[Date "2024.06.02"]
[Round "-"]
[White "yarek"]
[Black "matt1979"]
[Result "1-0"]
[WhiteElo "1752"]
[BlackElo "1413"]
[TimeControl "300"]
[EndTime "4:13:56 PDT"]
[Termination "yarek won by resignation"]

1. e4 d6 2. d4 Nf6 3. Bd3 Nbd7 4. f4 e5 5. d5 Be7 6. f5 c6 7. c4 Qc7 8. Nc3 Nc5 9. Nf3 Nxd3+ 10. Qxd3 a6 11.
O-O c5 12. Kh1 Bd7 13. b3 Rb8 14. Rg1 b5 15. g4 b4 16. Ne2 h6 17. h4 a5 18. g5 hxg5 19. Bxg5 Kf8 20. Kg2 Nh5 21. Kf2 Bxg5 22. hxg5 Nf4 23. Nxf4 exf4 24. Rh1 Ke7 25. Qd2 f6 26. Qxf4 fxg5 27. Qxg5+ Kf7 28. Qg6+ Ke7 29.
Qxg7+ Kd8 30. Rxh8+ Be8 31. Qf6+ Kd7 32. Qe6+ 1-0

[Event "Live Chess"]
[Site "Chess.com"]
[Date "2024.06.02"]
[Round "-"]
[White "Zhevzh1k7"]
[Black "juniortay"]
[Result "0-1"]
[WhiteElo "1107"]
[BlackElo "2363"]
[TimeControl "300"]
[EndTime "4:14:24 PDT"]
[Termination "juniortay won by checkmate"]

1. e4 e5 2. Nf3 Nf6 3. Nc3 Nc6 4. Bc4 Nxe4 5. Nxe4 d5 6. Bb5 dxe4 7. Bxc6+ bxc6 8.
Nxe5 Qd5 9. Ng4 Bc5 10. O-O O-O 11. Re1 f5 12. Ne3 Qf7 13. d3 f4 14. Nc4 f3 15.
dxe4 Qg6 16. Ne3 Bxe3 17. Kf1 Qxg2# 0-1

[Event "Live Chess"]
[Site "Chess.com"]
[Date "2024.06.02"]
[Round "-"]
[White "Duke_of_Bebington"]
[Black "Bradfield133"]
[Result "1-0"]
[WhiteElo "1643"]
[BlackElo "1849"]
[TimeControl "300"]
[EndTime "4:14:29 PDT"]
[Termination "Duke_of_Bebington won by resignation"]

1. e4 c5 2. c3 d5 3. exd5 Qxd5 4.
d4 Nc6 5. Nf3 Bg4 6. Be2 Nf6 7. O-O e6 8. Bf4 cxd4 9. Nxd4 Bxe2 10.
Nxe2 Be7 11. Nd2 O-O 12. Qb3 Na5 13. Qxd5 Nxd5 14. Bg3 Rac8 15. Rad1 Rfd8 16. Nd4 a6 17.
N2f3 Nc4 18. b3 Nd6 19. c4 Nc3 20. Ra1 Nce4 21. Rfe1 Bf6 22. Bxd6 Nxd6 23. Rad1 h6 24. Rd3 Nf5 25. Red1 Nxd4 26. Nxd4 Rd7 27. Nf3 Rcd8 28. Rxd7 1-0